Map: Ice and Chrome LE

Players

NYK - Winner!

  • Race: Zerg Zerg
  • League: Grandmaster
  • Spawn Location: 7:00

Dolan

  • Race: Terran Terran
  • League: Master
  • Spawn Location: 1:00

Event: The Miserable Cup

VOD

https://youtu.be/AbEDomaO4Pc

Description

Time

  • Played on: June 19, 2020, 12:54 p.m.
  • Length: 14:42

All games in this series

Show
View Real Time Build Order
Export as new Build Order

NYK Zerg - Winner!

Build Orders: Hatch First, Brood Lord Corruptor 

Get SALT Encoding   

  12  0:01  Drone  
  13  0:13  Overlord  
  13  0:17  Drone  
  14  0:31  Drone x2  
  16  0:48  Hatchery  
  15  0:50  Drone  
  15  0:54  Drone  
  17  0:59  Drone  
  18  1:08  Extractor  
  17  1:14  Spawning Pool  
  17  1:16  Drone  
  17  1:20  Drone  
  18  1:28  Drone  
  19  1:39  Drone  
  20  1:49  Overlord  
  20  2:00  Queen x2  
  25  2:01  Zergling x4  
  26  2:20  Hatchery  
  25  2:26  Drone x2  
  27  2:36  Spore Crawler  
  26  2:45  Queen  
  28  2:52  Metabolic Boost  
  28  2:56  Overlord, Drone  
  28  2:57  Drone x3  
  32  3:00  Drone  
  33  3:07  Overlord  
  33  3:15  Queen  
  35  3:21  Queen  
  35  3:24  Overlord  
  35  3:26  Drone  
  38  3:29  Drone x2  
  38  3:32  Drone  
  41  3:42  Drone x5  
  41  3:47  Drone  
  41  3:48  Drone x2  
  49  3:55  Roach Warren  
  48  3:58  Drone x2  
  50  4:05  Zergling x8  
  54  4:14  Overlord  
  54  4:15  Zergling x8  
  58  4:22  Overlord  
  58  4:42  Drone  
  58  4:43  Drone x10  
  65  4:50  Drone  
  66  4:54  Drone x2  
  66  4:57  Overlord  
  68  5:05  Queen x3  
  68  5:06  Overlord  
  74  5:11  Extractor x2  
  72  5:16  Roach x6  
  72  5:17  Roach x2  
  72  5:20  Spore Crawler  
  87  5:21  Spore Crawler  
  87  5:22  Spore Crawler  
  85  5:30  Overlord x2  
  85  5:32  Drone x5  
  90  5:39  Overlord  
  85  5:55  Drone x9  
  92  5:59  Lair  
  92  6:08  Drone x5  
  97  6:18  Drone  
  97  6:19  Drone x2  
  100  6:26  Evolution Chamber  
  100  6:28  Evolution Chamber  
  100  6:29  Hatchery, Extractor  
  100  6:30  Extractor  
  100  6:31  Drone x6  
  101  6:40  Overlord x2  
  101  6:50  Queen x2  
  105  6:57  Roach x3  
  105  6:58  Overlord x3  
  105  7:00  Zerg Missile Weapons Level 1, Zerg Melee Weapons Level 1  
  111  7:01  Glial Reconstitution  
  111  7:05  Baneling Nest  
  111  7:06  Overlord  
  110  7:12  Roach x2  
  113  7:19  Extractor, Drone x5, Spire  
  116  7:26  Overlord  
  116  7:40  Overlord x2  
  107  7:56  Centrifical Hooks  
  104  7:58  Overlord  
  104  7:59  Overlord  
  104  8:00  Drone x15  
  119  8:12  Overlord  
  119  8:16  Zergling x16  
  127  8:26  Infestation Pit  
  126  8:30  Corruptor  
  126  8:31  Corruptor x6  
  126  8:32  Corruptor  
  142  8:35  Corruptor  
  142  8:39  Baneling x8  
  142  8:40  Baneling  
  144  8:49  Ravager x2  
  144  8:50  Drone x5  
  144  8:51  Drone x4  
  144  8:53  Extractor  
  144  8:55  Zerg Flyer Weapons Level 1, Extractor  
  153  9:04  Corruptor x2  
  153  9:06  Hatchery  
  153  9:08  Zergling x12  
  156  9:27  Hive  
  156  9:31  Zerg Missile Weapons Level 2, Zerg Melee Weapons Level 2  
  156  9:33  Overlord x3  
  156  9:39  Queen  
  156  9:40  Queen  
  156  9:42  Extractor  
  156  9:45  Overlord x2, Extractor  
  158  9:50  Pathogen Glands  
  158  9:52  Zergling x16  
  166  9:53  Zergling x2  
  167  10:04  Burrow  
  167  10:10  Spore Crawler, Drone x2  
  169  10:14  Drone x3  
  169  10:15  Pneumatized Carapace  
  169  10:16  Ravager x4  
  169  10:17  Ravager  
  176  10:25  Corruptor x5  
  185  10:35  Zergling x28  
  196  10:38  Baneling  
  196  10:39  Baneling x10  
  196  10:40  Spore Crawler  
  176  11:01  Roach x8  
  176  11:02  Roach x8  
  200  11:08  Baneling x7  
  200  11:09  Baneling x9  
  200  11:21  Overlord  
  200  11:22  Overlord  
  200  11:23  Greater Spire  
  200  11:25  Spire  
  199  11:32  Zergling x2  
  199  11:38  Zergling x12  
  199  11:43  Zergling x4  
  199  11:44  Zergling x16  
  197  11:53  Zergling x12  
  199  12:00  Zerg Melee Weapons Level 3  
  199  12:01  Zerg Missile Weapons Level 3  
  199  12:03  Baneling x4  
  199  12:04  Baneling x2  
  199  12:07  Baneling x4  
  199  12:08  Baneling x4  
  199  12:12  Overseer  
  199  12:15  Baneling x8  
  199  12:22  Neural Parasite  
  193  12:26  Zergling x2  
  193  12:27  Zergling x18  
  198  12:35  Zergling x2  
  198  12:36  Zergling x18  
  189  12:48  Zergling x24  
  189  12:49  Zergling x4  
  198  12:56  Roach  
  198  12:57  Roach x7  
  186  13:07  Roach x5  
  186  13:13  Hatchery  
  186  13:14  Brood Lord x3  
  186  13:19  Baneling  
  191  13:20  Hatchery, Baneling x4  
  191  13:24  Brood Lord  
  191  13:25  Brood Lord  
  194  13:28  Ravager  
  194  13:29  Ravager x2  
  194  13:30  Ravager x2  
  194  13:32  Overlord x2  
  194  13:34  Overseer x2  
  199  13:49  Baneling x7  
  199  13:50  Baneling x4  
  199  13:54  Corruptor x2  
  199  13:55  Corruptor x2  
  186  14:06  Zergling x20  
  181  14:11  Brood Lord  
  174  14:19  Zergling x16  
Show
View Real Time Build Order
Export as new Build Order

Dolan Terran 

Build Orders: Hellion Opening, Reaper Expand, Mech 

Get SALT Encoding   

  12  0:00  SCV  
  13  0:12  SCV  
  14  0:17  Supply Depot  
  14  0:25  SCV  
  15  0:38  SCV  
  15  0:40  Barracks  
  16  0:43  Refinery  
  16  0:50  SCV  
  17  1:03  SCV  
  18  1:15  SCV  
  19  1:26  Reaper  
  19  1:27  Orbital Command  
  20  1:39  Command Center  
  20  1:48  Supply Depot  
  20  1:52  SCV  
  21  1:58  Marine  
  22  2:04  SCV  
  22  2:08  Factory  
  23  2:13  Refinery  
  23  2:16  SCV  
  23  2:21  Barracks Reactor  
  24  2:30  SCV  
  25  2:42  SCV  
  25  2:51  Orbital Command  
  25  2:52  Starport  
  25  2:54  SCV  
  26  3:01  Hellion x2  
  26  3:03  Marine  
  31  3:08  SCV  
  32  3:19  SCV  
  33  3:20  SCV  
  33  3:23  Hellion x2, Supply Depot  
  38  3:30  Starport Tech Lab  
  38  3:32  Fusion Core  
  38  3:33  SCV x2  
  40  3:46  SCV x2, Hellion  
  40  3:47  Hellion  
  46  3:49  Supply Depot  
  46  3:58  SCV x2  
  48  4:10  SCV x2  
  48  4:16  Command Center  
  50  4:20  Supply Depot  
  50  4:26  Battlecruiser  
  50  4:28  SCV  
  50  4:29  SCV  
  52  4:43  SCV x2  
  52  4:45  Hellion x2, Refinery  
  52  4:46  Refinery  
  52  4:52  Supply Depot  
  52  4:55  SCV x2  
  54  5:00  Factory x2  
  54  5:07  Hellion x2  
  58  5:08  SCV x2  
  60  5:19  Supply Depot  
  60  5:20  SCV x2  
  62  5:28  Orbital Command  
  62  5:32  SCV x2  
  62  5:34  Battlecruiser  
  70  5:40  Hellion  
  70  5:41  Hellion  
  74  5:52  SCV x2  
  74  5:53  Factory Tech Lab x2  
  74  5:55  Weapon Refit  
  77  6:04  SCV x2, Orbital Command  
  78  6:12  Siege Tank x2  
  78  6:13  Supply Depot, Engineering Bay  
  78  6:16  SCV x2  
  86  6:23  Hellion x2  
  86  6:24  Refinery  
  90  6:30  Refinery  
  90  6:33  Supply Depot x2  
  90  6:34  SCV x3  
  93  6:44  Battlecruiser  
  93  6:46  SCV x3  
  102  6:58  SCV x3  
  102  7:01  Supply Depot, Siege Tank  
  108  7:02  Supply Depot  
  108  7:03  Siege Tank  
  110  7:14  Hellion x2  
  110  7:15  SCV x3  
  116  7:22  Armory  
  116  7:25  Armory  
  116  7:26  Command Center  
  116  7:27  SCV x3  
  119  7:32  Sensor Tower  
  125  7:37  Cyclone x2  
  125  7:39  SCV x3  
  129  7:51  SCV x3  
  129  7:58  Mag-Field Accelerator  
  129  7:59  Factory  
  129  8:01  Factory  
  129  8:03  SCV x3, Infernal Pre-Igniter  
  129  8:04  Starport Reactor  
  132  8:05  Supply Depot  
  132  8:06  Supply Depot  
  132  8:14  Missile Turret  
  132  8:15  SCV x2  
  140  8:20  Missile Turret  
  140  8:24  Terran Vehicle Weapons Level 1, Hellion x2, Terran Vehicle And Ship Armor Level 1  
  138  8:32  Cyclone x2  
  144  8:43  Missile Turret  
  144  8:44  Command Center  
  144  8:45  Hellion x2  
  148  8:54  Refinery  
  148  8:56  Refinery  
  148  8:58  Sensor Tower  
  148  9:01  Sensor Tower  
  148  9:02  Cyclone  
  151  9:04  Cyclone  
  151  9:05  Hellion  
  151  9:07  Hellion x2  
  160  9:13  Starport Reactor, Planetary Fortress, Hellion x2  
  164  9:17  Supply Depot  
  164  9:19  Supply Depot  
  164  9:34  Missile Turret  
  164  9:35  Missile Turret  
  164  9:36  Missile Turret  
  164  9:37  Hellion, Cyclone x2  
  172  9:39  Hellion x2, Cyclone  
  172  9:41  Hellion  
  172  9:44  Factory  
  181  9:47  Factory  
  181  9:53  Factory  
  181  10:00  Orbital Command  
  181  10:06  Viking x2, Command Center  
  185  10:14  Cyclone  
  185  10:15  Cyclone x2  
  194  10:26  Smart Servos  
  194  10:30  Terran Vehicle And Ship Armor Level 2  
  194  10:31  Terran Vehicle Weapons Level 2  
  194  10:32  Factory Tech Lab x2  
  194  10:47  Cyclone x2, Factory Reactor  
  119  11:04  Cyclone x2  
  119  11:05  Hellion x4, Cyclone  
  134  11:24  Cyclone x2  
  134  11:25  Hellion x2  
  144  11:26  Hellion  
  138  11:36  Cyclone  
  122  11:44  Hellion, Cyclone x2  
  122  11:45  Hellion x2, Orbital Command  
  122  11:46  Hellion  
  118  11:51  Hellion x2  
  120  11:56  Cyclone  
  120  11:57  Hellion  
  125  12:04  SCV x3  
  125  12:06  Hellion x3  
  125  12:08  Liberator x2  
  134  12:09  Cyclone  
  143  12:16  SCV x2, Cyclone  
  143  12:18  Cyclone  
  143  12:22  Siege Tank  
  154  12:28  Siege Tank  
  146  12:42  Cyclone  
  146  12:43  Hellion x2  
  153  12:46  Hellion  
  153  12:47  Hellion  
  153  12:48  Cyclone  
  153  12:50  Cyclone  
  141  12:54  Cyclone  
  132  13:03  SCV x2  
  132  13:04  SCV x2  
  123  13:14  Siege Tank  
  123  13:15  Hellion x4, Siege Tank  
  123  13:16  SCV x4  
  141  13:21  Command Center  
  141  13:24  Sensor Tower  
  141  13:26  Siege Tank x2  
  147  13:27  Hellion  
  149  13:35  Refinery  
  149  13:36  Hellion  
  155  13:41  Hellion x2  
  155  13:53  Hellion  
  155  13:54  Supply Depot, Cyclone, Hellion  
  155  13:55  Supply Depot  
  136  14:16  Hellion x2  
Tags
 
Add a new tag
Caveats
  • Supply blocks, unpowered buildings, or Contaminate may cause inaccurate times.
  • Supply counts are checked every 10 seconds.